Map: Black Site 2E

Players

wolf

  • Race: Terran Terran
  • Spawn Location: 3:00

PyrotheBeast

  • Race: Zerg Zerg
  • League: Gold
  • Spawn Location: 6:00

Oraph

  • Race: Protoss Protoss
  • Spawn Location: 5:00

Metasapien

  • Race: Zerg Zerg
  • League: Gold
  • Spawn Location: 11:00

WinterWinds

  • Race: Protoss Protoss
  • League: Gold
  • Spawn Location: 12:00

dabear

  • Race: Zerg Zerg
  • Spawn Location: 9:00

VOD

Have the link to the VOD?

Description

Time

  • Played on: Sept. 2, 2017, 4:18 p.m.
  • Length: 27:09
Show
View Real Time Build Order
Export as new Build Order

wolf Terran 

Build Orders: MMM Bio 

Get SALT Encoding   

  12  0:01  SCV  
  13  0:18  SCV  
  13  0:19  Supply Depot  
  14  0:30  SCV  
  15  0:42  SCV  
  16  0:45  Barracks  
  16  0:54  SCV  
  17  1:07  SCV  
  18  1:19  SCV  
  18  1:24  Barracks  
  19  1:32  SCV  
  20  1:35  Marine  
  21  1:42  Command Center  
  21  1:48  Refinery  
  21  1:50  SCV  
  22  1:55  Refinery  
  22  1:59  Marine  
  23  2:12  Supply Depot  
  23  2:25  Orbital Command  
  23  2:34  Marine  
  24  2:42  Supply Depot  
  24  2:43  Marine  
  24  2:51  SCV  
  24  2:54  Marine  
  26  3:00  SCV  
  26  3:03  SCV  
  28  3:11  Barracks Tech Lab  
  29  3:12  SCV  
  29  3:14  Barracks Reactor  
  29  3:15  SCV  
  30  3:23  Factory  
  30  3:25  SCV  
  31  3:28  SCV  
  32  3:34  Engineering Bay  
  32  3:37  SCV  
  32  3:39  Marine  
  32  3:40  SCV  
  35  3:43  Stimpack  
  35  3:49  SCV  
  35  3:53  SCV  
  37  4:01  SCV  
  38  4:06  Missile Turret  
  38  4:10  Missile Turret  
  38  4:12  Missile Turret  
  38  4:13  SCV  
  39  4:17  Starport  
  39  4:18  Factory Tech Lab  
  39  4:21  Marine x2  
  41  4:24  Marauder  
  43  4:32  Barracks  
  43  4:38  Missile Turret  
  43  4:39  Barracks  
  43  4:44  Orbital Command  
  43  4:49  Missile Turret  
  43  4:56  Siege Tank  
  46  5:01  SCV  
  47  5:12  Missile Turret  
  47  5:13  Starport Reactor, SCV  
  48  5:29  Command Center  
  48  5:31  Barracks Reactor  
  48  5:33  Marine x2  
  50  5:37  Barracks Reactor  
  50  5:40  Missile Turret  
  49  5:48  Marine  
  50  5:51  Marine  
  50  5:55  Missile Turret  
  51  5:57  Terran Infantry Weapons Level 1  
  51  5:58  Viking  
  51  6:02  Combat Shields  
  53  6:10  SCV  
  54  6:17  Missile Turret  
  54  6:22  Armory  
  54  6:41  Siege Tank, SCV  
  54  6:43  Supply Depot, SCV  
  54  6:46  SCV  
  60  6:53  SCV  
  61  6:55  Supply Depot, SCV  
  61  6:58  SCV, Medivac x2  
  67  7:05  SCV  
  67  7:07  SCV  
  69  7:10  Marine x3, Missile Turret, SCV  
  69  7:14  Missile Turret  
  73  7:17  SCV  
  73  7:19  SCV  
  73  7:22  Supply Depot  
  75  7:23  SCV, Engineering Bay  
  75  7:26  Marauder  
  75  7:27  Marine x3  
  75  7:28  Marine x2  
  75  7:29  SCV  
  84  7:31  SCV  
  85  7:41  Terran Vehicle Weapons Level 1  
  85  7:44  Marine x2, SCV, Medivac x2  
  91  7:47  Missile Turret  
  91  7:48  Refinery  
  92  7:52  Refinery  
  92  7:54  Orbital Command  
  92  7:57  Marine  
  93  8:22  Supply Depot  
  93  8:23  Terran Infantry Weapons Level 2  
  93  8:31  Refinery  
  93  8:34  Refinery  
  93  8:36  Supply Depot  
  93  8:44  Marine x5, SCV, Marauder  
  93  8:48  Supply Depot  
  101  8:49  Terran Infantry Armor Level 1  
  101  8:57  Marine, Viking x2  
  101  8:58  SCV  
  101  8:59  Supply Depot  
  107  9:09  Marine x3  
  109  9:10  SCV  
  109  9:15  Supply Depot  
  111  9:21  Marine  
  111  9:22  Marine x3, SCV  
  116  9:26  Supply Depot  
  116  9:27  Marine x3  
  119  9:34  SCV  
  120  9:39  Marine x3  
  120  9:40  Marine  
  120  9:45  Marine x3  
  126  9:46  Siege Tank, SCV  
  131  9:53  Armory  
  131  9:57  Marine x4  
  135  10:03  Marine x3  
  130  10:15  Marine x4  
  130  10:18  Siege Tank  
  130  10:20  Marine  
  130  10:21  Marine x2  
  117  10:33  Marine x4  
  110  10:38  Marine x3  
  110  10:40  Medivac x2  
  114  10:47  Terran Infantry Weapons Level 3  
  114  10:48  Terran Infantry Armor Level 2  
  114  10:49  Terran Vehicle Weapons Level 2  
  114  10:50  Marine  
  114  10:51  Marine x3, Terran Vehicle And Ship Armor Level 1  
  114  10:56  Marine x3  
  121  10:58  Barracks  
  121  11:01  Barracks  
  121  11:04  Siege Tank  
  121  11:08  Marine x2  
  121  11:09  Marine x2  
  121  11:10  Medivac x2  
  132  11:14  Marine x3  
  135  11:26  Marine x3  
  135  11:27  Marine, Missile Turret  
  135  11:32  Marine x2  
  141  11:36  Supply Depot  
  141  11:46  Barracks Reactor  
  141  11:48  Missile Turret, Barracks Reactor  
  141  11:57  Marine x5, Siege Tank  
  141  11:59  Supply Depot  
  149  12:20  Marine x7  
  156  12:28  Missile Turret  
  156  12:34  Command Center  
  156  12:35  Missile Turret  
  156  12:37  Marine  
  157  12:59  Terran Vehicle And Ship Armor Level 2  
  157  13:11  Terran Infantry Armor Level 3  
  157  13:32  Marine x4  
  157  13:42  Marine x3  
  157  13:43  Marine x4  
  157  13:44  Siege Tank  
  122  13:50  Marine x4  
  94  13:59  Marine  
  94  14:00  Marine x4  
  94  14:01  Marine x2  
  84  14:08  Marine x4, Missile Turret  
  88  14:16  Siege Tank, Medivac x2  
  95  14:17  Marine  
  95  14:18  Marine x5  
  95  14:19  Marine  
  101  14:25  Marine x2  
  101  14:26  Marine x2  
  105  14:35  Marine x2  
  105  14:36  Marine x5  
  107  14:43  Marine x4  
  96  14:49  Siege Tank  
  91  14:53  Marine x3  
  91  14:54  Marine  
  91  14:57  Marine x2  
  91  14:58  Marine  
  93  15:01  Marine x3  
  90  15:08  Marine  
  90  15:11  Marine x3  
  90  15:12  Marine  
  86  15:15  Marine x3  
  86  15:19  Marine x3  
  88  15:21  Siege Tank  
  88  15:25  Marine  
  89  15:29  Marine x3  
  89  15:33  Marine x2  
  89  15:35  Medivac x2  
  96  15:38  Marine x2  
  96  15:39  Marine  
  101  15:43  Marine x2  
  95  16:31  Marine x4  
  95  16:34  Marine x4  
  95  16:35  Marine  
  95  16:36  Marine x2  
  102  16:49  Marine x4  
  102  16:52  Marine x5  
  102  16:53  Marine  
  114  16:54  Marauder  
  114  17:07  Marine x4  
  118  17:10  Marine  
  121  17:15  Marauder  
  121  17:22  Marine x5  
  117  17:37  Marauder  
  99  17:48  Siege Tank  
  99  17:49  Marine x4  
  99  17:50  Marine x2  
  89  17:55  Medivac x2  
  93  18:06  Marine  
  93  18:07  Marine x3  
  93  18:11  Marauder  
  99  18:19  Marine x2  
  101  18:20  Siege Tank  
  104  18:53  Siege Tank  
  107  18:59  Marine x3  
  97  19:10  Marine  
  97  19:11  Marine x7  
  94  19:17  Marine x3  
  83  19:28  Marine x3  
  83  19:29  Marine x2  
  85  19:41  Marine  
  85  19:42  Marine x2  
  88  19:49  Marine  
  89  20:04  Marine x2  
  80  21:05  Missile Turret  
  80  21:36  Command Center  
  80  21:53  Missile Turret  
  80  22:00  Marine  
  68  23:22  Marine  
  68  23:23  Marine x5  
  69  23:36  Medivac, Marauder  
  69  23:37  Medivac  
  75  23:41  Siege Tank  
  75  23:45  Marine  
  79  23:57  Marauder  
  81  24:06  Medivac  
  81  24:07  Medivac  
  85  24:11  Missile Turret  
  85  24:12  Marine x4  
  89  24:18  Marauder  
  91  24:40  Marauder  
  93  25:01  Marauder  
  78  25:18  Medivac x2  
  78  25:23  Marauder  
  80  25:32  Marine x7  
  80  25:33  Marine x3  
  90  25:44  Marauder  
  90  25:48  Medivac  
  90  25:49  Marine  
  94  25:50  Marine x3  
  98  26:03  Marine x3  
  98  26:04  Marine x3  
  102  26:05  Marine  
  102  26:07  Marine x2  
  102  26:08  Marine x2  
  106  26:20  Marine  
  106  26:21  Marine x4  
  106  26:22  Marine  
  106  26:23  Marine  
  113  26:29  Marine x4  
Show
View Real Time Build Order
Export as new Build Order

PyrotheBeast Zerg 

Build Orders: 3 Hatch before Pool 

Get SALT Encoding   

  12  0:09  Drone  
  12  0:10  Drone  
  14  0:24  Overlord  
  14  0:47  Drone  
  15  0:50  Hatchery  
  15  0:51  Drone  
  15  0:55  Drone  
  16  1:01  Drone  
  17  1:23  Hatchery  
  16  1:34  Drone x3  
  19  1:49  Spawning Pool  
  19  1:52  Drone  
  19  2:02  Drone  
  20  2:09  Drone x2  
  22  2:16  Extractor  
  22  2:19  Extractor  
  20  2:25  Hatchery, Drone  
  20  2:28  Drone  
  22  2:30  Drone  
  22  2:34  Drone  
  22  2:36  Drone  
  24  2:39  Drone  
  24  2:44  Drone  
  26  2:49  Drone  
  27  2:52  Drone  
  27  2:58  Drone  
  29  3:00  Queen  
  29  3:05  Queen  
  33  3:10  Overlord  
  33  3:16  Overlord  
  33  3:20  Metabolic Boost  
  33  3:26  Drone  
  34  3:29  Queen  
  34  3:31  Drone  
  34  3:33  Drone  
  38  3:36  Drone  
  38  3:37  Drone  
  38  3:40  Zergling x2  
  41  3:44  Zergling x2  
  41  3:45  Zergling x2  
  41  3:47  Zergling x2  
  44  3:50  Zergling x2  
  44  3:51  Zergling x2  
  44  3:54  Drone  
  47  3:55  Drone  
  47  4:00  Queen  
  50  4:05  Overlord  
  50  4:08  Overlord  
  50  4:14  Lair  
  50  4:18  Drone  
  50  4:19  Drone  
  50  4:20  Drone  
  50  4:22  Drone  
  54  4:24  Overlord  
  54  4:28  Zergling x4  
  54  4:30  Zergling x2  
  57  4:33  Drone  
  57  4:35  Drone x2  
  57  4:38  Drone  
  61  4:40  Extractor  
  61  4:42  Extractor, Drone x2  
  61  4:44  Zergling x2  
  62  4:47  Zergling x4  
  64  4:55  Drone  
  65  5:03  Overlord x3  
  66  5:07  Zergling x10  
  70  5:19  Drone x4  
  74  5:24  Evolution Chamber  
  74  5:25  Evolution Chamber  
  72  5:29  Hydralisk Den  
  72  5:30  Spire  
  72  5:33  Drone x4  
  72  5:34  Roach Warren  
  73  5:44  Overlord x4  
  73  5:48  Overlord  
  73  5:58  Drone x4  
  73  6:00  Drone x4  
  73  6:03  Drone x2  
  83  6:04  Drone  
  83  6:05  Drone  
  83  6:06  Drone  
  86  6:13  Spore Crawler  
  86  6:14  Spore Crawler  
  86  6:18  Spore Crawler  
  83  6:21  Spore Crawler  
  83  6:22  Spore Crawler, Drone x2  
  83  6:26  Drone x2  
  83  6:27  Drone x4  
  83  6:32  Muscular Augments  
  89  6:34  Zerg Missile Weapons Level 1  
  89  6:38  Zerg Ground Armor Level 1  
  89  6:40  Glial Reconstitution  
  89  6:43  Zerg Flyer Weapons Level 1  
  89  6:46  Extractor  
  88  6:47  Extractor  
  88  6:49  Spine Crawler  
  88  6:51  Spine Crawler  
  88  6:53  Spore Crawler  
  84  7:00  Drone x6  
  90  7:04  Overlord, Drone  
  90  7:05  Overlord  
  91  7:11  Overseer x2  
  91  7:12  Overseer x2  
  91  7:13  Overseer x2  
  91  7:17  Hydralisk  
  91  7:18  Hydralisk x2  
  91  7:21  Hydralisk  
  99  7:23  Hydralisk  
  101  7:31  Hydralisk  
  101  7:32  Hydralisk  
  101  7:33  Hydralisk  
  101  7:36  Hydralisk  
  109  7:38  Hydralisk  
  109  7:39  Hydralisk  
  109  7:40  Hydralisk  
  109  7:42  Hydralisk  
  117  7:52  Roach x2  
  117  7:53  Roach  
  117  7:54  Roach x2  
  117  7:55  Roach  
  117  7:56  Roach  
  131  8:03  Infestation Pit  
  130  8:08  Evolution Chamber  
  129  8:13  Overseer x2  
  129  8:19  Pneumatized Carapace  
  129  8:21  Hydralisk  
  129  8:22  Hydralisk x5  
  129  8:23  Hydralisk  
  129  8:24  Hydralisk  
  145  8:32  Zerg Missile Weapons Level 2  
  145  8:39  Zergling x10  
  145  8:40  Zergling x6  
  145  8:41  Zergling x4  
  154  8:42  Zergling x2  
  154  8:48  Overlord x2  
  156  8:49  Overlord x2  
  156  8:54  Overlord x2  
  156  8:57  Zerg Ground Armor Level 2  
  156  9:00  Zerg Melee Weapons Level 1  
  156  9:04  Hydralisk  
  156  9:05  Hydralisk  
  156  9:07  Hydralisk  
  156  9:09  Hydralisk  
  164  9:14  Spore Crawler  
  164  9:16  Spore Crawler  
  162  9:20  Zerg Flyer Weapons Level 2  
  162  9:25  Corruptor  
  162  9:26  Corruptor  
  92  10:41  Hydralisk x5  
  92  10:42  Hydralisk x6  
  96  10:54  Hive  
  96  11:02  Hydralisk x6  
  96  11:03  Hydralisk x4  
  116  11:07  Spore Crawler  
  116  11:08  Spore Crawler  
  116  11:10  Spore Crawler, Zerg Melee Weapons Level 2  
  116  11:11  Spore Crawler, Hydralisk  
  112  11:12  Hydralisk x7  
  112  11:14  Zergling x8  
  112  11:15  Zergling x2  
  133  11:26  Overlord x3  
  133  11:27  Overlord x6  
  133  11:28  Overlord  
  133  11:49  Spine Crawler  
  133  11:51  Spore Crawler  
  133  11:53  Corruptor x5  
  141  12:18  Hatchery, Overseer  
  141  12:20  Overseer  
  141  12:21  Extractor, Roach x2  
  141  12:22  Extractor, Roach x4  
  75  13:57  Hydralisk x4  
  75  13:58  Hydralisk x7  
  75  13:59  Hydralisk x4  
  103  14:14  Drone  
  103  14:15  Drone x2  
  106  14:19  Corruptor x2  
  106  14:20  Corruptor x6  
  93  15:13  Corruptor x3  
  93  15:14  Corruptor x6  
  95  15:33  Corruptor  
  95  15:34  Corruptor  
  95  15:35  Corruptor  
  94  15:43  Corruptor  
  85  16:51  Greater Spire  
  85  17:01  Adrenal Glands  
  83  17:59  Hatchery  
  82  18:17  Brood Lord  
  82  18:18  Brood Lord x2  
  82  18:19  Brood Lord  
  92  18:20  Brood Lord  
  92  18:21  Brood Lord  
  33  19:57  Hydralisk  
  33  19:58  Hydralisk x7  
  33  19:59  Hydralisk x4  
  55  20:03  Hydralisk  
  58  20:48  Drone x2  
  58  20:49  Drone x2  
  62  20:50  Drone x3  
  62  20:51  Drone  
  62  20:52  Drone x2  
  62  20:53  Drone  
  62  20:56  Drone  
  62  22:20  Hydralisk  
  62  22:21  Hydralisk x6  
  62  22:22  Hydralisk x5  
  80  22:23  Hydralisk x3  
  80  22:28  Zergling x8  
  96  22:41  Zergling x4  
  96  22:42  Zergling x10  
  96  22:43  Zergling x2  
  104  22:44  Zergling x2  
  104  22:46  Zergling x2  
  45  24:44  Hatchery  
  33  25:12  Drone x2  
  33  25:13  Drone x3  
  33  25:14  Drone  
  39  25:18  Zergling x2  
  39  25:19  Zergling x12  
  39  25:20  Zergling x12  
  52  25:26  Zergling x12  
  52  25:27  Zergling x14  
  52  25:28  Zergling x10  
  68  25:34  Zergling x2  
  70  26:37  Drone x3  
  68  26:46  Drone x3  
Show
View Real Time Build Order
Export as new Build Order

Oraph Protoss 

Build Orders: Nexus First 

Get SALT Encoding   

  12  0:10  Probe (Chrono Boost)  
  13  0:17  Pylon  
  13  0:28  Probe (Chrono Boost)  
  14  0:38  Probe (Chrono Boost)  
  15  0:49  Probe (Chrono Boost)  
  16  1:05  Nexus  
  16  1:08  Probe (Chrono Boost)  
  17  1:19  Assimilator, Probe (Chrono Boost)  
  18  1:30  Assimilator, Probe (Chrono Boost)  
  19  1:44  Gateway  
  19  1:51  Probe (Chrono Boost)  
  20  2:02  Probe (Chrono Boost)  
  21  2:12  Probe (Chrono Boost)  
  21  2:15  Pylon  
  22  2:23  Pylon  
  21  2:36  Forge  
  21  2:43  Pylon  
  21  2:49  Cybernetics Core  
  21  2:52  Probe x2 (Chrono Boost)  
  23  3:01  Assimilator  
  23  3:18  Photon Cannon  
  23  3:29  Mothership Core (Chrono Boost)  
  23  3:30  Probe (Chrono Boost)  
  26  3:38  Assimilator  
  26  3:41  Probe (Chrono Boost)  
  27  3:50  Probe (Chrono Boost)  
  27  3:51  Probe (Chrono Boost)  
  29  4:02  Stargate  
  29  4:11  Probe (Chrono Boost)  
  29  4:12  Probe (Chrono Boost)  
  31  4:32  Nexus  
  31  4:46  Phoenix  
  33  4:54  Stargate  
  33  4:59  Probe x2 (Chrono Boost)  
  35  5:07  Protoss Air Weapons Level 1  
  35  5:15  Stargate  
  35  5:19  Probe x2 (Chrono Boost)  
  37  5:27  Assimilator  
  37  5:37  Probe x2 (Chrono Boost)  
  37  5:40  Phoenix  
  41  5:51  Probe x2 (Chrono Boost)  
  41  5:55  Phoenix  
  45  6:13  Fleet Beacon  
  45  6:16  Phoenix  
  48  6:25  Probe (Chrono Boost)  
  48  6:26  Probe (Chrono Boost)  
  48  6:28  Phoenix  
  51  6:35  Assimilator  
  51  6:39  Phoenix  
  53  6:53  Phoenix  
  55  7:01  Protoss Air Armor Level 1  
  51  7:12  Phoenix x2  
  55  7:16  Anion Pulse-Crystals  
  55  7:42  Probe x3 (Chrono Boost)  
  58  7:52  Probe x2 (Chrono Boost)  
  58  7:53  Probe (Chrono Boost)  
  61  8:03  Probe (Chrono Boost)  
  58  8:13  Oracle  
  58  8:14  Phoenix  
  58  8:15  Phoenix  
  59  8:39  Phoenix  
  59  8:40  Phoenix  
  63  8:49  Phoenix  
  63  8:54  Protoss Air Weapons Level 2  
  65  9:01  Stargate  
  65  9:04  Phoenix  
  65  9:05  Phoenix  
  69  9:14  Phoenix  
  71  9:19  Pylon x2  
  71  9:29  Phoenix x2  
  75  9:39  Phoenix  
  77  9:54  Phoenix x2  
  81  10:04  Phoenix  
  79  10:19  Phoenix  
  79  10:36  Phoenix x2  
  83  10:44  Phoenix  
  85  11:01  Phoenix x2  
  89  11:09  Phoenix  
  91  11:26  Phoenix  
  91  11:27  Phoenix  
  93  11:42  Pylon  
  93  11:44  Pylon  
  93  11:46  Pylon  
  93  11:51  Pylon  
  93  11:58  Protoss Air Weapons Level 3  
  93  12:00  Phoenix x3  
  99  12:02  Protoss Shields Level 1  
  99  12:25  Phoenix x3  
  105  12:50  Phoenix  
  101  13:14  Phoenix x2  
  101  13:15  Phoenix  
  107  13:22  Phoenix  
  109  13:30  Cybernetics Core  
  109  13:39  Phoenix x2  
  109  13:40  Phoenix  
  115  13:47  Phoenix  
  117  14:02  Pylon  
  117  14:04  Phoenix  
  117  14:05  Pylon  
  117  14:06  Pylon  
  117  14:07  Nexus  
  117  14:09  Pylon  
  119  14:48  Phoenix x3  
  119  14:49  Phoenix  
  111  15:13  Phoenix x4  
  95  15:38  Phoenix x4  
  97  16:03  Phoenix x4  
  100  16:28  Phoenix, Carrier x3  
  120  16:53  Carrier  
  124  17:20  Protoss Air Armor Level 2, Graviton Catapult  
  124  17:53  Carrier  
  124  17:54  Carrier x2  
  124  17:58  Nexus  
  121  18:42  Carrier  
  119  19:24  Carrier  
  121  20:41  Carrier  
  127  20:54  Pylon x3  
  127  21:22  Carrier  
  133  21:35  Assimilator  
  133  21:39  Photon Cannon x2  
  133  21:41  Photon Cannon  
  133  21:43  Photon Cannon  
  133  21:44  Photon Cannon  
  133  21:45  Photon Cannon  
  133  21:46  Photon Cannon  
  40  23:22  Pylon  
  40  23:23  Pylon  
  40  23:25  Pylon  
  40  23:32  Nexus  
  40  23:39  Pylon x3  
  40  23:42  Assimilator  
  40  23:55  Carrier  
  46  24:02  Photon Cannon  
  46  24:04  Photon Cannon  
  46  24:06  Photon Cannon  
  46  24:08  Assimilator  
  42  25:24  Photon Cannon  
  42  25:26  Photon Cannon  
  42  25:27  Photon Cannon  
  42  25:34  Carrier  
  48  25:57  Nexus  
  48  26:22  Photon Cannon  
  48  26:28  Photon Cannon  
  48  26:29  Photon Cannon  
  48  26:49  Assimilator  
  48  26:50  Assimilator  
Show
View Real Time Build Order
Export as new Build Order

Metasapien Zerg 

Build Orders: Pool First 

Get SALT Encoding   

  12  0:05  Drone  
  13  0:13  Overlord  
  13  0:24  Drone  
  14  0:32  Drone x2  
  16  0:37  Drone  
  17  0:49  Spawning Pool  
  16  0:55  Drone  
  17  0:59  Drone  
  18  1:19  Hatchery  
  18  1:24  Extractor  
  16  1:27  Drone  
  16  1:28  Drone  
  18  1:36  Queen  
  18  1:39  Zergling x2  
  21  1:42  Zergling x2  
  22  2:16  Overlord  
  22  2:22  Extractor  
  21  2:33  Metabolic Boost  
  21  2:37  Queen  
  21  2:38  Drone  
  21  2:42  Drone  
  25  2:44  Drone x3  
  28  2:59  Drone x4  
  32  3:18  Hatchery, Drone x2  
  32  3:19  Overlord  
  33  3:30  Drone x3  
  33  3:33  Lair  
  36  3:40  Zergling x2  
  36  3:41  Zergling x2  
  38  3:47  Drone x3  
  41  3:49  Drone  
  41  3:54  Overlord  
  42  4:05  Extractor  
  42  4:06  Extractor  
  40  4:12  Roach Warren  
  40  4:16  Drone x3  
  42  4:22  Drone  
  42  4:23  Drone x3  
  46  4:28  Drone  
  47  4:33  Drone x3  
  47  4:35  Overlord  
  47  4:36  Drone  
  51  4:40  Queen  
  53  4:46  Overlord  
  53  4:51  Pneumatized Carapace  
  53  4:54  Glial Reconstitution  
  53  4:56  Drone x2  
  53  4:59  Drone  
  57  5:00  Drone  
  57  5:06  Drone  
  58  5:08  Drone x3  
  58  5:09  Overlord  
  61  5:16  Evolution Chamber  
  61  5:18  Drone  
  61  5:22  Evolution Chamber  
  61  5:24  Hydralisk Den  
  59  5:29  Spire  
  59  5:35  Burrow  
  58  5:37  Roach  
  58  5:38  Roach x3  
  58  5:39  Roach  
  68  5:45  Overlord x2  
  68  5:53  Extractor, Drone x2  
  68  5:54  Drone x3  
  72  5:59  Zerg Missile Weapons Level 1  
  72  6:01  Zerg Ground Armor Level 1  
  72  6:06  Muscular Augments  
  72  6:09  Drone  
  73  6:13  Extractor  
  73  6:15  Drone  
  73  6:17  Drone x5  
  78  6:19  Drone  
  78  6:22  Drone x2  
  78  6:25  Drone x2  
  83  6:38  Overlord  
  83  6:39  Overlord  
  83  6:45  Hatchery  
  83  6:47  Queen  
  84  6:58  Infestation Pit, Tunneling Claws  
  85  7:01  Roach x2, Hydralisk x3  
  93  7:23  Drone  
  94  7:38  Drone  
  94  7:39  Drone x11  
  106  7:53  Hive  
  106  7:55  Zerg Missile Weapons Level 2, Zerg Ground Armor Level 2  
  106  7:58  Zerg Flyer Armor Level 1  
  106  7:59  Hydralisk x5  
  106  8:00  Hydralisk x2  
  106  8:02  Overlord x3  
  106  8:03  Overlord  
  120  8:10  Overlord  
  118  8:20  Queen  
  120  8:28  Drone  
  120  8:29  Drone  
  120  8:30  Drone  
  120  8:32  Extractor  
  122  8:34  Drone  
  122  8:35  Extractor, Drone x2  
  122  8:36  Drone x3  
  122  8:37  Hydralisk  
  122  8:38  Hydralisk x2  
  133  8:49  Roach x2  
  133  8:50  Roach x2, Hydralisk x4  
  133  8:51  Nydus Network  
  133  8:53  Ravager x2  
  150  9:26  Overlord x6  
  150  9:27  Overlord  
  150  9:35  Spire  
  149  9:41  Drone x3  
  149  9:43  Hydralisk  
  149  9:44  Hydralisk x2, Corruptor x2  
  149  9:45  Corruptor x7  
  166  9:46  Corruptor x3  
  166  9:51  Roach x2  
  186  9:54  Ravager  
  186  9:56  Ravager  
  188  10:06  Nydus Canal  
  157  10:36  Zerg Missile Weapons Level 3, Zerg Ground Armor Level 3  
  157  10:46  Corruptor x2  
  157  10:47  Hydralisk x3  
  157  10:48  Roach x5, Hydralisk  
  157  10:49  Hydralisk  
  179  11:19  Drone x4  
  179  11:20  Drone x2  
  185  11:26  Spore Crawler  
  185  11:28  Spore Crawler  
  183  11:37  Zerg Flyer Weapons Level 1  
  183  11:40  Spore Crawler  
  183  11:41  Greater Spire  
  183  11:45  Hydralisk x3  
  183  11:46  Hydralisk x2, Corruptor x2  
  183  11:47  Hydralisk, Corruptor  
  200  11:56  Hatchery  
  199  12:01  Spore Crawler  
  199  12:02  Extractor  
  199  12:03  Extractor, Spore Crawler  
  199  12:04  Overseer x2  
  195  12:09  Ravager x5  
  200  12:55  Queen  
  198  12:59  Spore Crawler  
  198  13:00  Spore Crawler  
  198  13:01  Spore Crawler  
  198  13:02  Spore Crawler  
  194  13:17  Zergling x4  
  194  13:18  Zergling x8  
  200  13:24  Adrenal Glands  
  192  13:27  Zerg Flyer Armor Level 2  
  145  14:02  Hydralisk x3  
  139  14:03  Hydralisk x4, Roach x2  
  139  14:04  Roach, Corruptor x4  
  139  14:05  Corruptor x4  
  139  14:08  Brood Lord x3  
  139  14:09  Brood Lord x5  
  191  14:22  Hydralisk x4  
  152  14:52  Overlord  
  152  14:53  Overlord x5  
  152  14:54  Hydralisk x4  
  152  14:55  Hydralisk x5  
  170  15:00  Hydralisk x3  
  170  15:01  Hydralisk x8  
  170  15:05  Roach x3  
  170  15:24  Ravager x2  
  170  15:25  Ravager  
  167  15:43  Hydralisk x4  
  167  15:44  Hydralisk x3  
  167  15:45  Corruptor x3, Drone  
  167  15:46  Corruptor x4  
  154  16:31  Hydralisk x3  
  154  16:32  Hydralisk x2, Corruptor x4  
  160  16:33  Corruptor  
  171  16:49  Overlord x4  
  171  16:50  Overlord x3  
  171  16:51  Overlord  
  171  17:11  Corruptor x2  
  171  17:12  Hydralisk x3  
  171  17:13  Hydralisk x2  
  171  17:14  Hydralisk, Roach x4  
  195  17:34  Spore Crawler  
  194  17:38  Spore Crawler  
  194  17:40  Spore Crawler  
  179  17:57  Hydralisk x6  
  191  17:59  Roach x4  
  191  18:25  Zerg Flyer Weapons Level 2  
  191  18:26  Zerg Flyer Armor Level 3  
  191  18:44  Hatchery  
  191  18:48  Extractor, Nydus Canal  
  102  19:45  Overlord x6  
  100  19:46  Overlord x9  
  100  20:02  Overlord x8  
  100  20:06  Queen  
  102  20:07  Queen  
  104  20:24  Hydralisk  
  104  20:25  Hydralisk x2  
  104  20:26  Hydralisk x2, Roach  
  104  20:27  Roach x4, Hydralisk  
  90  21:00  Hatchery  
  87  21:07  Hydralisk x2  
  87  21:08  Hydralisk x3  
  87  21:09  Hydralisk x3  
  87  21:10  Hydralisk x3  
  105  21:11  Hydralisk  
  105  21:12  Corruptor x4  
  105  21:13  Corruptor x5  
  105  21:14  Corruptor  
  113  21:34  Zergling x2  
  113  21:35  Zergling x20  
  123  22:01  Zerg Melee Weapons Level 1  
  123  22:03  Hydralisk x2, Zergling x2  
  112  22:49  Hatchery  
  85  23:14  Viper  
  87  23:26  Hydralisk x2  
  87  23:27  Hydralisk x6  
  84  23:28  Hydralisk x2  
  84  23:30  Zergling x26  
  84  23:31  Zergling x2  
  117  24:03  Zergling x2  
  117  24:04  Zergling x28  
  101  24:28  Extractor  
  101  24:29  Extractor  
  97  24:40  Zergling x2  
  97  24:41  Zergling x28  
  106  24:47  Drone x3  
  60  25:28  Zergling x6  
  61  25:29  Zergling x24  
  75  25:42  Drone x5  
  80  26:02  Hydralisk x6  
  80  26:03  Hydralisk x4  
  96  26:06  Hydralisk  
  96  26:07  Hydralisk  
  93  26:30  Zergling x2  
  93  26:31  Zergling x6  
Show
View Real Time Build Order
Export as new Build Order

WinterWinds Protoss 

Build Orders:  

Get SALT Encoding   

  12  0:02  Probe (Chrono Boost)  
  13  0:13  Probe (Chrono Boost)  
  14  0:26  Pylon  
  14  0:28  Probe (Chrono Boost)  
  15  0:43  Assimilator  
  15  0:44  Probe (Chrono Boost)  
  16  0:50  Gateway  
  16  0:55  Probe (Chrono Boost)  
  17  1:06  Probe (Chrono Boost)  
  18  1:16  Probe (Chrono Boost)  
  19  1:27  Probe (Chrono Boost)  
  20  1:37  Probe (Chrono Boost)  
  21  1:48  Probe (Chrono Boost)  
  22  1:57  Cybernetics Core  
  22  2:00  Pylon, Probe (Chrono Boost)  
  23  2:14  Assimilator  
  23  2:21  Nexus  
  23  2:23  Probe (Chrono Boost)  
  23  2:25  Assimilator  
  24  2:33  Probe (Chrono Boost)  
  26  2:44  Probe (Chrono Boost)  
  26  2:48  Stargate  
  26  2:51  Pylon  
  27  3:00  Mothership Core (Chrono Boost)  
  27  3:04  Assimilator  
  28  3:09  Pylon  
  28  3:18  Probe (Chrono Boost)  
  29  3:28  Stargate, Probe (Chrono Boost)  
  30  3:39  Probe (Chrono Boost)  
  30  3:40  Stargate  
  31  3:46  Probe (Chrono Boost)  
  32  3:49  Probe (Chrono Boost)  
  33  3:57  Probe (Chrono Boost)  
  34  4:07  Phoenix  
  34  4:09  Probe (Chrono Boost)  
  37  4:15  Phoenix  
  40  4:17  Probe (Chrono Boost)  
  40  4:20  Probe (Chrono Boost)  
  41  4:25  Pylon  
  41  4:26  Pylon  
  41  4:27  Probe (Chrono Boost)  
  41  4:30  Probe (Chrono Boost)  
  45  4:40  Phoenix (Chrono Boost)  
  45  4:44  Phoenix (Chrono Boost)  
  47  4:46  Probe  
  47  4:51  Pylon  
  48  4:54  Probe  
  48  4:59  Probe  
  50  5:08  Cybernetics Core  
  50  5:13  Protoss Air Weapons Level 1 (Chrono Boost)  
  50  5:21  Oracle  
  50  5:25  Oracle  
  56  5:54  Void Ray  
  56  6:03  Stargate  
  60  6:07  Stargate  
  60  6:32  Fleet Beacon  
  60  6:34  Pylon  
  60  6:36  Pylon  
  60  6:40  Pylon  
  60  6:43  Protoss Air Armor Level 1 (Chrono Boost)  
  57  7:04  Carrier  
  54  7:15  Carrier  
  66  7:38  Carrier  
  66  7:42  Graviton Catapult  
  72  7:59  Probe  
  72  8:00  Probe  
  72  8:01  Nexus  
  72  8:04  Assimilator  
  74  8:07  Assimilator  
  74  8:10  Pylon  
  74  8:11  Probe  
  74  8:12  Pylon, Probe  
  76  8:17  Pylon  
  76  8:48  Probe x2  
  78  8:50  Forge  
  84  9:15  Probe x2  
  86  9:20  Probe  
  86  9:24  Phoenix  
  87  9:27  Phoenix x2, Carrier  
  87  9:28  Carrier  
  105  9:34  Probe  
  106  9:43  Photon Cannon  
  106  9:46  Photon Cannon  
  106  9:50  Probe x2  
  108  9:55  Protoss Air Weapons Level 2 (Chrono Boost)  
  106  10:13  Protoss Air Armor Level 2 (Chrono Boost)  
  86  10:43  Phoenix  
  86  10:46  Phoenix  
  86  10:47  Phoenix  
  92  10:54  Phoenix x2  
  96  11:12  Anion Pulse-Crystals  
  96  11:15  Stargate  
  96  11:17  Stargate  
  92  11:32  Carrier  
  82  11:43  Photon Cannon x2, Carrier x2  
  100  11:49  Probe x2  
  100  11:50  Probe  
  103  12:05  Probe  
  104  12:08  Nexus  
  104  12:12  Assimilator  
  104  12:17  Assimilator  
  104  12:18  Probe x2  
  104  12:20  Pylon  
  104  12:22  Pylon  
  105  12:47  Phoenix x2  
  99  13:19  Carrier  
  70  14:12  Probe  
  41  15:26  Probe x2  
  43  15:32  Nexus  
  43  15:38  Probe x2  
  45  15:50  Probe x2  
  41  16:08  Probe x2  
  43  16:22  Nexus  
  49  16:49  Void Ray  
  49  16:54  Void Ray  
  49  16:55  Void Ray  
  55  17:09  Probe x2  
  44  17:31  Void Ray  
  44  17:36  Void Ray x2  
  55  17:51  Void Ray  
  55  17:55  Probe x2  
  49  18:39  Nexus  
  49  19:03  Void Ray  
  49  19:08  Void Ray  
  45  20:03  Void Ray  
  45  20:08  Void Ray x2  
  57  20:19  Probe  
  58  20:28  Void Ray  
  62  20:39  Void Ray  
  66  20:45  Void Ray  
  66  20:54  Probe  
  67  21:24  Void Ray  
  67  21:30  Void Ray x3  
  68  22:03  Void Ray  
  72  22:24  Void Ray  
  48  23:18  Void Ray  
Show
View Real Time Build Order
Export as new Build Order

dabear Zerg 

Build Orders: Pool First 

Get SALT Encoding   

  12  0:02  Drone  
  13  0:13  Overlord  
  13  0:19  Drone  
  14  0:37  Spawning Pool  
  14  0:39  Drone  
  15  0:42  Drone  
  15  1:22  Hatchery  
  15  1:24  Zergling x6  
  17  1:40  Drone  
  17  1:42  Queen  
  20  1:50  Drone  
  21  1:55  Extractor  
  21  1:58  Overlord  
  20  2:09  Zergling x2  
  21  2:19  Zergling x2  
  22  2:35  Hatchery, Drone  
  22  2:45  Drone  
  22  2:47  Drone  
  24  2:59  Drone  
  24  3:05  Queen  
  25  3:10  Drone x2  
  29  3:13  Drone x3  
  29  3:17  Extractor  
  31  3:24  Drone x2  
  33  3:33  Spine Crawler  
  32  3:38  Spine Crawler  
  31  3:42  Spore Crawler  
  31  3:43  Drone x2  
  31  3:48  Queen  
  32  3:49  Drone  
  32  3:53  Drone x2  
  37  4:03  Lair  
  37  4:16  Drone x2  
  37  4:17  Drone x3  
  41  4:23  Extractor  
  41  4:25  Extractor  
  41  4:31  Drone x2  
  42  4:35  Overlord  
  42  4:59  Drone x3  
  45  5:10  Drone x4  
  45  5:11  Drone  
  50  5:17  Overlord  
  50  5:18  Overlord x3  
  50  5:19  Overlord  
  50  5:29  Overseer  
  50  5:38  Infestation Pit  
  50  5:41  Spire  
  48  5:50  Drone x3  
  48  5:51  Drone  
  48  5:56  Zergling x6  
  55  6:03  Drone x6  
  61  6:06  Extractor  
  61  6:08  Extractor  
  59  6:14  Hive  
  59  6:21  Drone  
  59  6:22  Drone x2  
  62  6:26  Drone  
  63  6:36  Overlord x2  
  63  6:37  Overlord x2  
  63  6:39  Overlord  
  63  6:47  Drone x2  
  65  6:52  Spore Crawler  
  64  6:55  Spore Crawler  
  64  7:00  Mutalisk x5  
  64  7:01  Mutalisk x4  
  73  7:02  Mutalisk  
  83  7:10  Zerg Flyer Weapons Level 1  
  83  7:33  Drone x2  
  83  8:16  Mutalisk x5  
  83  8:17  Mutalisk x8  
  105  8:57  Hatchery  
  105  9:02  Spire  
  103  9:10  Zerg Flyer Weapons Level 2  
  103  9:19  Overlord x5  
  103  9:37  Mutalisk  
  103  9:38  Mutalisk x7  
  107  9:39  Mutalisk  
  122  9:47  Zergling x14  
  122  9:48  Zergling x10  
  133  9:57  Spine Crawler  
  133  9:58  Spine Crawler  
  47  10:21  Mutalisk x3  
  47  10:22  Mutalisk x4  
  51  10:35  Spore Crawler  
  51  10:36  Spore Crawler  
  39  11:20  Mutalisk x6  
  51  11:31  Hatchery  
  50  11:41  Zerg Flyer Armor Level 1  
  50  12:06  Overlord  
  50  12:07  Overlord x2  
  50  12:16  Hatchery, Metabolic Boost  
  49  12:23  Mutalisk x2  
  49  12:24  Mutalisk x2  
  56  13:25  Zergling x16  
  56  13:26  Zergling x2  
  43  13:34  Queen  
  43  13:35  Queen  
  43  13:36  Queen  
  43  13:39  Zergling x6  
  52  13:59  Zergling x2  
  52  14:00  Zergling x10  
  58  14:16  Ultralisk Cavern  
  55  14:27  Spore Crawler  
  55  14:28  Spore Crawler  
  53  14:32  Spore Crawler x2  
  53  14:35  Spore Crawler  
  53  14:36  Spore Crawler  
  53  14:37  Spore Crawler  
  28  15:02  Overlord x5  
  28  15:03  Overlord x4  
  28  15:23  Zergling x6  
  28  15:24  Zergling x6  
  34  15:36  Ultralisk x3  
  52  15:49  Zergling x4  
  55  15:50  Zergling x6  
  57  16:32  Hatchery  
  56  16:49  Hydralisk Den  
  55  17:09  Drone x4  
  59  17:31  Spore Crawler  
  59  17:32  Drone x3  
  59  17:33  Spore Crawler  
  59  17:34  Spore Crawler  
  59  17:35  Spore Crawler  
  58  17:47  Drone  
  59  18:15  Spore Crawler  
  58  18:20  Drone  
  59  18:30  Spore Crawler x3  
  33  19:42  Zergling x10  
  33  19:43  Zergling x2  
  39  19:46  Overlord x2  
  39  19:47  Overlord x4  
  33  19:59  Extractor  
  32  20:02  Extractor  
  25  20:52  Spore Crawler x4  
  25  20:54  Spore Crawler  
  20  21:02  Spore Crawler  
  13  21:39  Hydralisk x4  
  17  21:40  Hydralisk x8  
Tags
 
Add a new tag
Caveats
  • Supply blocks, unpowered buildings, or Contaminate may cause inaccurate times.
  • Supply counts are checked every 10 seconds.